Map: Acropolis LE

Players

pHARM - Winner!

  • Race: Zerg Zerg
  • League: Platinum
  • Spawn Location: 11:00

OneHarmony

  • Race: Terran Terran
  • League: Platinum
  • Spawn Location: 5:00

VOD

Have the link to the VOD?

Description

Time

  • Played on: Aug. 4, 2019, 5:08 p.m.
  • Length: 8:35
Show
View Real Time Build Order
Export as new Build Order

pHARM Zerg - Winner!

Build Orders: Hatch First 

Get SALT Encoding   

  12  0:01  Drone  
  13  0:08  Drone  
  14  0:17  Overlord  
  14  0:26  Drone, Extractor  
  15  0:37  Drone x2  
  17  0:57  Hatchery  
  17  1:02  Drone x2  
  18  1:19  Drone x2, Spawning Pool  
  19  1:27  Drone  
  20  1:39  Overlord  
  20  1:43  Extractor  
  19  1:52  Drone  
  20  2:13  Queen  
  20  2:14  Queen  
  24  2:15  Zergling x2  
  24  2:16  Zergling x2  
  26  2:27  Drone x3  
  29  2:35  Drone x2  
  31  2:48  Drone x2  
  33  2:53  Lair  
  33  3:09  Drone x4, Spine Crawler  
  36  3:13  Overlord  
  36  3:39  Drone x7  
  43  3:41  Drone  
  44  3:59  Evolution Chamber  
  43  4:04  Roach Warren  
  43  4:05  Queen  
  43  4:09  Evolution Chamber, Extractor  
  42  4:10  Extractor  
  42  4:12  Drone  
  42  4:13  Drone x2  
  42  4:14  Overlord x3  
  44  4:29  Zerg Missile Weapons Level 1  
  44  4:46  Glial Reconstitution  
  44  4:50  Drone  
  44  4:51  Drone x5  
  50  4:54  Roach x6  
  62  5:00  Overseer  
  62  5:18  Roach x3  
  62  5:20  Overlord x2  
  68  5:21  Hatchery  
  67  5:29  Overlord x2  
  67  5:33  Zerg Ground Armor Level 1  
  67  5:48  Spore Crawler  
  66  5:51  Spore Crawler  
  65  6:01  Roach x7  
  65  6:02  Roach x4  
  87  6:46  Hydralisk Den  
  78  7:18  Spore Crawler  
  78  7:19  Queen x2  
  78  7:21  Muscular Augments, Spore Crawler  
  74  7:25  Spore Crawler  
  74  7:29  Spore Crawler  
  64  7:30  Drone x6  
  64  7:31  Drone x3  
  64  7:32  Spore Crawler  
  52  7:51  Hydralisk x5  
  52  7:52  Hydralisk x4  
  52  7:54  Queen x2  
  52  7:56  Spore Crawler  
  52  7:57  Spore Crawler  
  68  7:59  Spore Crawler  
  68  8:00  Spore Crawler  
  66  8:06  Hydralisk x2  
Show
View Real Time Build Order
Export as new Build Order

OneHarmony Terran 

Build Orders:  

Get SALT Encoding   

  12  0:01  SCV  
  13  0:13  SCV  
  14  0:16  Supply Depot  
  14  0:25  SCV  
  15  0:39  Barracks  
  15  0:40  SCV  
  16  0:49  Refinery  
  16  0:52  SCV  
  17  1:04  SCV  
  18  1:15  Refinery  
  18  1:17  SCV  
  19  1:27  Barracks Tech Lab  
  19  1:28  Supply Depot  
  19  1:29  SCV  
  20  1:41  SCV  
  21  1:47  Supply Depot  
  21  1:52  Factory  
  21  1:53  SCV  
  22  2:00  Supply Depot  
  22  2:03  Marine  
  22  2:05  SCV  
  24  2:25  Supply Depot  
  24  2:30  Marine  
  25  2:43  Orbital Command  
  25  2:46  Starport  
  25  2:48  Marine  
  26  2:55  Armory  
  26  3:23  Starport Tech Lab  
  26  3:27  Fusion Core  
  26  3:31  Starport  
  26  3:49  Terran Vehicle And Ship Armor Level 1  
  26  4:08  SCV  
  27  4:13  Command Center, Marine  
  28  4:18  Starport Tech Lab  
  28  4:20  SCV  
  29  4:32  SCV, Weapon Refit  
  30  4:46  SCV  
  31  4:59  Refinery, SCV  
  32  5:03  Refinery  
  32  5:11  SCV  
  33  5:14  Battlecruiser  
  39  5:23  SCV  
  39  5:27  SCV  
  41  5:35  SCV  
  42  5:37  Marine  
  42  5:39  SCV  
  44  5:47  Battlecruiser  
  50  5:51  SCV  
  50  5:55  Marine  
  52  6:05  SCV  
  53  6:17  SCV  
  54  6:18  Battlecruiser  
  54  6:22  Marine  
  61  6:26  Terran Ship Weapons Level 1  
  61  6:40  Marine  
  61  6:43  Bunker  
  48  7:45  Viking  
  46  8:00  Engineering Bay  
Tags
 
Matchup
TvZ
Replay Pack
10.7.19
Spawn Locations
Cross Positions
Add a new tag
Caveats
  • Supply blocks, unpowered buildings, or Contaminate may cause inaccurate times.
  • Supply counts are checked every 10 seconds.